AoeStats
← 太阳当空照

Arena

509610390Analyzed
3v3 RM · 6d ago on Sep 27, 2026· 66m 8s· 6 players
Game mode
Random Map
Map size
Normal (6 player)
Population
200
Speed
Normal
Resources
Standard
Victory
Conquest
Starting age
Dark Age
Ending age
Imperial Age
RankedLock teamsTeams togetherTeam positionsShared explorationLock speedFull tech treeHidden civsTurbo modeCheats
Victory
Defeat
🇨🇳 Hindustanis · China
1240
+15
🇨🇳 Khmer · China
1240
+15
🇨🇳 Persians · China
1229
+15
🇨🇳 Spanish · China
1266
-18
🇨🇳 Spanish · China
1224
-15
🇨🇳 Persians · China
1150
-12
小虾米
11:07 Feudal Age
15:21 Castle Age
13:06 Loom
14:05 Double-Bit Axe
14:04 Horse Collar
24:32 Bow Saw
26:26 Padded Archer Armor
44:43 Imperial Age
42:49 Wheelbarrow
45:43 Fletching
46:09 Leather Archer Armor
45:18 Onager
49:07 Hand Cart
53:45 Chemistry
53:06 Ballistics
55:25 Pikeman
56:06 Squires
56:07 Scale Mail Armor
56:18 Forging
56:43 Town Watch
58:13 Two-Man Saw
56:41 Halberdier
57:06 Arson
58:41 Iron Casting
58:23 Chain Mail Armor
61:05 Blast Furnace
60:36 Plate Mail Armor
60:03 Bodkin Arrow
10001
5:35 Loom
13:16 Feudal Age
14:02 Double-Bit Axe
17:09 Castle Age
18:30 Wheelbarrow
18:40 Gold Mining
20:13 Horse Collar
27:35 Gold Shaft Mining
30:17 Imperial Age
28:41 Scale Barding Armor
28:47 Forging
28:28 Fletching
29:06 Ballistics
28:42 Murder Holes
29:24 Husbandry
29:35 Bloodlines
30:19 Hand Cart
29:58 Cavalier
30:31 Town Watch
31:10 Chain Barding Armor
32:25 Conscription
31:39 Savar
34:41 Iron Casting
35:20 Capped Ram
36:18 Siege Ram
38:06 Masonry
40:15 Scale Mail Armor
45:51 Chemistry
45:21 Architecture
45:31 Plate Barding Armor
45:57 Blast Furnace
44:55 Stone Mining
46:34 Chain Mail Armor
46:14 Bodkin Arrow
46:34 Citadels
50:26 Plate Mail Armor
49:56 Padded Archer Armor
50:36 Hoardings
50:36 Kamandaran
57:55 Town Patrol
59:32 Stone Shaft Mining
59:16 Leather Archer Armor
太阳当空照
10:55 Feudal Age
14:48 Castle Age
13:31 Double-Bit Axe
13:30 Horse Collar
16:50 Padded Archer Armor
39:10 Husbandry
49:35 Loom
顶瓜瓜
10:21 Feudal Age
15:20 Castle Age
14:19 Double-Bit Axe
14:17 Horse Collar
30:16 Imperial Age
28:10 Bow Saw
29:43 Wheelbarrow
28:59 Loom
29:38 Padded Archer Armor
29:29 Fletching
29:44 Elite Skirmisher
30:42 Leather Archer Armor
30:27 Gold Mining
31:24 Conscription
32:43 Bodkin Arrow
33:19 Ring Archer Armor
36:42 Chemistry
36:03 Ballistics
35:58 Pikeman
36:39 Squires
37:18 Scale Mail Armor
37:29 Forging
38:00 Heavy Plow
39:37 Halberdier
59:45 Hand Cart
64:18 Iron Casting
福州大西瓜
9:37 Feudal Age
14:04 Castle Age
12:30 Double-Bit Axe
16:37 Loom
24:00 Horse Collar
28:10 Wheelbarrow
29:44 Gold Mining
29:45 Stone Mining
31:10 Bow Saw
31:02 Heavy Plow
31:24 Hand Cart
32:32 Stone Shaft Mining
36:00 Imperial Age
34:16 Scale Barding Armor
34:12 Town Watch
35:18 Chain Barding Armor
35:21 Ballistics
35:12 Masonry
35:20 Bloodlines
35:10 Husbandry
34:31 Light Cavalry
36:58 Double Crossbow
37:20 Conscription
37:47 Plate Barding Armor
37:51 Crop Rotation
36:54 Elite Ballista Elephant
37:43 Siege Engineers
37:52 Fletching
39:31 Scale Mail Armor
39:41 Forging
39:01 Pikeman
39:26 Arson
40:42 Chain Mail Armor
42:28 Chemistry
41:25 Murder Holes
42:12 Architecture
44:28 Coinage
44:18 Caravan
45:06 Hoardings
45:05 Bodkin Arrow
45:46 Iron Casting
45:42 Devotion
51:27 Blast Furnace
50:13 Halberdier
50:55 Bracer
50:37 Hussar
52:30 Fortified Wall
53:24 Banking
58:56 Gold Shaft Mining
58:37 Tusk Swords
福清大冬瓜
10:17 Feudal Age
15:02 Castle Age
13:07 Gold Mining
14:18 Double-Bit Axe
14:54 Bloodlines
24:27 Horse Collar
27:07 Wheelbarrow
28:42 Heavy Plow
32:55 Imperial Age
30:52 Padded Archer Armor
31:57 Bow Saw
32:09 Hand Cart
32:52 Leather Archer Armor
32:44 Squires
32:08 Light Cavalry
32:49 Husbandry
35:19 Chemistry
35:35 Heavy Camel Rider
47:35 Scale Barding Armor
48:50 Chain Barding Armor
53:04 Gold Shaft Mining
52:55 Forging
54:58 Plate Barding Armor
56:18 Town Watch
57:09 Imperial Camel Rider
60:55 Iron Casting
62:36 Blast Furnace
61:55 Stone Mining
62:26 Hussar
63:52 Town Patrol
65:57 Fortified Wall
Connection lost

Rejoining the realm…

Still unreachable

The connection could not be restored.

Session expired

The server has moved on; the page needs a fresh start.